 Dungeon Crawl Stone Soup version 0.25.1-9-gc5326a611f (webtiles) character file.

Game seed: 8872098837960474877

14 Mattiprrivan the Chopper (level 2, -6/25 HPs)
             Began as a Hill Orc Skald on Dec 31, 2020.
             Mangled by a worm (11 damage)
             ... on level 2 of the Dungeon.
             The game lasted 00:08:39 (891 turns).

Mattiprrivan the Chopper (Hill Orc Skald)            Turns: 891, Time: 00:08:40

Health: -6/25      AC:  4    Str: 13    XL:     2   Next: 45%
Magic:  0/4        EV: 11    Int: 13    God:
Gold:   43         SH:  0    Dex: 10    Spells: 1/4 levels left

rFire    . . .     SeeInvis .   a - +0 hand axe
rCold    . . .     Gourm    .   (no shield)
rNeg     . . .     Faith    .   b - +1 leather armour
rPois    .         Spirit   .   (no helmet)
rElec    .         Reflect  .   (no cloak)
rCorr    +         Harm     .   (no gloves)
MR       +....                  (no boots)
Stlth    +.........             (no amulet)
HPRegen  0.08/turn              d - ring of resist corrosion
MPRegen  0.09/turn              c - ring of protection from magic

@: singing, very slightly contaminated
A: no striking features
a: no special abilities


You were on level 2 of the Dungeon.
You were not hungry.

You visited 1 branch of the dungeon, and saw 2 of its levels.

You collected 43 gold pieces.

Inventory:

Hand Weapons
 a - a +0 hand axe (weapon)
Missiles
 e - 2 atropa-tipped darts (quivered)
 i - 16 poisoned darts
Armour
 b - a +1 leather armour (worn)
Jewellery
 c - a ring of protection from magic (right hand)
 d - a ring of resist corrosion (left hand)
Scrolls
 g - a scroll of remove curse
 h - 2 scrolls of identify
Comestibles
 f - 3 rations


   Skills:
 * Level 2.5 Fighting
 * Level 3.0 Axes
 * Level 0.1 Throwing
 * Level 1.3 Armour
 * Level 1.7 Dodging
 * Level 1.6 Spellcasting
 * Level 2.9 Charms


You had one spell level left.
You knew the following spells:

 Your Spells              Type           Power        Failure   Level  Hunger
a - Infusion              Chrm           #...         10%         1    ##.....
b - Song of Slaying       Chrm           #.......     16%         2    ###....

Your spell library contained the following spells:

 Spells                   Type           Power        Failure   Level  Hunger
 Shroud of Golubria       Chrm/Tloc      #.....       28%         2    ###....
 Ozocubu's Armour         Chrm/Ice       #.......     50%         3    ####...
 Spectral Weapon          Hex/Chrm       #.......     50%         3    ####...


Dungeon Overview and Level Annotations

Branches:
Dungeon (2/15)

Altars:


Message History

The dart slug is severely wounded.
You hit the ball python.
You kill the ball python!
A bat comes into view.
A kobold comes into view.
The bat moves out of view.
You hit the dart slug.
You kill the dart slug!
Your Axes skill increases to level 3!
You hit the worm. The worm closely misses you.
You hit the worm.
The worm is moderately wounded.
The worm closely misses you.
You barely miss the worm.
The worm is moderately wounded.
You hit the kobold.
The kobold is severely wounded.
You hit the worm. The kobold hits you.
* * * LOW HITPOINT WARNING * * *
The worm bites you!
You die...

###..#.##
.........# ##
....#....####....#
................#.#
....###....##.....#
..#. #.#...##..###
.#.#..).........
...b..w#.##..#..
#.##.K@..# .... #(.
#(###...##.. . ...
.#.# . ...#. .....
##.# .#.##. .. .#.
# . .. #


You could see a worm, a bat and a kobold.

Vanquished Creatures
  A dart slug (D:2)
  2 ball pythons
  A bat (D:1)
  A goblin (D:1)
  3 hobgoblins (D:1)
  A kobold (D:1)
  A frilled lizard (D:1)
10 creatures vanquished.

Notes
Turn   | Place    | Note
-------+----------+-------------------------------------------
     0 | D:1      | Mattiprrivan the Hill Orc Skald began the quest for the
                  | Orb.
     0 | D:1      | Reached XP level 1. HP: 18/18 MP: 3/3
   310 | D:1      | Reached XP level 2. HP: 9/25 MP: 4/4
   314 | D:1      | Learned a level 2 spell: Song of Slaying
   888 | D:2      | Reached skill level 3 in Axes
   891 | D:2      | Mangled by a worm

Illustrated notes

Levels and vault maps discovered:
D:1:      dpeg_arrival_arbitrary_b, layout_basic, serial_glass, glass_columns_a,
          glass_columns_c, minmay_tiny_reverse_x
D:2:      layout_basic, minmay_fractal_squares_5, uniq_terence, uniq_robin

Skill      XL: |  1  2 |
---------------+-------+-----
Axes           | 3 |  3.0
Fighting       | |  2.5
Throwing       | |  0.1
Armour         | |  1.3
Dodging        | |  1.7
Spellcasting   | |  1.6
Charms         | |  2.9

Action                   || total
-------------------------++-------
Melee: Hand axe          ||    43
Throw: Dart              ||     5
 Cast: Infusion          ||     1
       Song of Slaying   ||     1
  Use: Scroll            ||     4
       Potion            ||     1
  Eat: Ration            ||     1
Armor: Leather armour    ||    23
Dodge: Dodged            ||    39
